 Dungeon Crawl Stone Soup version 0.30.1-3-gfc49f6343a (webtiles) character file.

Game seed: 2795092532337210049

892 Inchmeat the Trooper (level 8, -3/64 HPs)
             Began as a Djinni Fire Elementalist on July 18, 2023.
             Was an Initiate of Ashenzari.
             Slain by a scorpion (5 damage)
             ... on level 6 of the Dungeon.
             The game lasted 00:23:19 (6060 turns).

Inchmeat the Trooper (Djinni Fire Elementalist)     Turns: 6060, Time: 00:23:20

Health: -3/64      AC:  6    Str:  7    XL:     8   Next: 27%
Gold:   197        EV: 12    Int: 19    God:    Ashenzari [......] SH:  0 Dex: 14

rFire   + . .        r - +2 quarterstaff (chaos)
rCold   . . .        (shield currently unavailable)
rNeg    . . .        a - +0 robe
rPois   ∞            (no helmet)
rElec   .            s - +2 cloak
rCorr   .            v - +0 pair of gloves
SInv    .            (boots unavailable)
Will    .....        l - amulet of faith
Stlth   ++           y - ring of ice
HPRegen 0.30/turn    (no ring)
MPRegen 0.00/turn

%: faith, infuse magic (-4 HP)
@: flying
A: sickness immunity, fire resistance 2, cold vulnerability 1, float, innate
caster, HP casting, extra vitality 1
a: Renounce Religion


You were on level 6 of the Dungeon.
You worshipped Ashenzari.
Ashenzari was noncommittal.
You visited 2 branches of the dungeon, and saw 7 of its levels.

You collected 197 gold pieces.

Inventory:

Hand Weapons
 h - a +0 short sword
 r - a +2 quarterstaff of chaos (weapon)
 t - a +0 hammer
Armour
 a - a +0 robe (worn)
 i - an orb of mayhem
 s - a +2 cloak (worn)
 v - a +0 pair of gloves (worn)
Jewellery
 l - an amulet of faith (around neck)
 x - a ring of protection from fire
 y - a ring of ice (left hand)
 C - a ring of protection from cold
Scrolls
 c - a scroll of fear
 d - a scroll of blinking
 g - a scroll of vulnerability
 A - a scroll of torment
Potions
 b - 4 potions of flight
 e - 5 potions of curing
 f - 2 potions of haste
 j - 2 potions of heal wounds {unknown}
 m - a potion of attraction {unknown}
 n - 2 potions of lignification {unknown}
 p - a potion of might {unknown}
 z - a potion of ambrosia {unknown}
 B - a potion of berserk rage {unknown}


   Skills:
 * Level 7.1 Fighting
 - Level 2.1 Dodging
 - Level 1.5 Stealth
 + Level 4.5 Spellcasting


You knew the following spells:

 Your Spells              Type           Power      Damage    Failure   Level
a - Foxfire               Conj/Fire      84%        2x1d8     1%          1
b - Scorch                Fire           42%        2d6       3%          2
c - Volatile Blastmotes   Fire/Tloc      42%        2d13      6%          3
d - Inner Flame           Hex/Fire       21%        N/A       6%          3
e - Flame Wave            Conj/Fire      21%        2d8       21%         4
f - Sandblast             Erth           42%        2d11      1%          1
g - Blink                 Tloc           42%        N/A       3%          2
h - Tukima's Dance        Hex            21%        N/A       6%          3
Your spell library was empty.

Dungeon Overview and Level Annotations

Branches:
Dungeon (6/15)             Temple (1/1) D:4

Altars:
Ashenzari
Cheibriados
Dithmenos
Elyvilon
Fedhas
Gozag
Hepliaklqana
Makhleb
Nemelex Xobeh
Okawaru
Uskayaw
Wu Jian
Xom
Yredelemnul
Zin
The Shining One


Innate Abilities, Weirdness & Mutations

You are immune to sickness and miasma.
You are immune to poison.
Your flesh is very heat resistant. (rF++)
You are vulnerable to cold. (rC-)
You float through the air rather than walking.
You learn spells naturally, not from books.
Your magical power is your life essence.
You have superior vitality. (+4 MHP)


Message History

The orc warrior attacks as you move away!
The orc warrior hits you with a +0 hand axe.
The orc warrior attacks as you move away!
The orc warrior hits you with a +0 hand axe!
* * * LOW HITPOINT WARNING * * *
The orc warrior attacks as you move away!
The orc warrior hits you but does no damage.
The orc warrior attacks as you move away!
The orc warrior barely misses you.
Casting: Scorch (safe; 3% risk of failure)
Confirm with . or Enter, or press ? or * to list all spells.
You blink.
* * * LOW HITPOINT WARNING * * *
The scorpion barely misses you.
The orc warrior hits you with a +0 hand axe.
* * * LOW HITPOINT WARNING * * *
Casting: Blink (safe; 3% risk of failure)
Confirm with . or Enter, or press ? or * to list all spells.
You are still too unstable to blink.
The orc warrior attacks as you move away!
The orc warrior hits you with a +0 hand axe.
* * * LOW HITPOINT WARNING * * *
The scorpion barely misses you. The scorpion stings you.
* * * LOW HITPOINT WARNING * * *
You feel stable enough to blink again. The scorpion closely misses you.
The scorpion attacks as you move away! The scorpion barely misses you.
The scorpion attacks as you move away! The scorpion closely misses you.
The scorpion stings you.
* * * LOW HITPOINT WARNING * * *
The scorpion attacks as you move away! The scorpion barely misses you.
An orc wizard appears from thin air!
Reactivating autopickup.
The scorpion attacks as you move away! The scorpion stings you.
* * * LOW HITPOINT WARNING * * *
You hit the scorpion.
The scorpion is poisoned.
The scorpion is moderately wounded.
The scorpion barely misses you. The scorpion stings you.
You die...

#.. #.# #s#.#.# #.....#
#..#+#.# #.#.#.###
#..#....
##......###........
...#.....
................### #..#
.### ##.##.#######.#.#
..................
#####.#######[#####
#####.#######.##########
.............oos@.......
#############.##########
#.# #.# ###


You could see an orc warrior, a scorpion (very poisoned) and an orc wizard.

Vanquished Creatures
  2 black bears
  2 ogres (D:5)
  A phantom (D:5)
  A scorpion (D:5)
  3 killer bees (D:5)
  2 hounds
  Crazy Yiuf (D:3)
  A sleepcap (D:3)
  An orc wizard (D:4)
  Robin (D:3)
  6 adders
  3 worms
  A dart slug (D:4)
  7 orcs
  7 ball pythons
  3 bats
  6 endoplasms (D:2)
  A giant cockroach (D:2)
  6 hobgoblins
  5 jackals
  3 quokkas
  A frilled lizard (D:1)
  9 goblins
  4 kobolds
  A rat (D:3)
78 creatures vanquished.

Vanquished Creatures (others)
  94 foxfires
94 creatures vanquished.

Grand Total: 172 creatures vanquished

Notes
Turn   | Place    | Note
-------+----------+-------------------------------------------
     0 | D:1      | Inchmeat the Djinni Fire Elementalist began the quest for
                  | the Orb.
     0 | D:1      | Inchmeat set off with the following spells memorised:
                  | Foxfire, Scorch, Volatile Blastmotes, Inner Flame, Flame
                  | Wave.
     0 | D:1      | Reached XP level 1. HP: 15/15 MP: 0/0
   243 | D:1      | Reached skill level 1 in Fighting
   283 | D:1      | Reached XP level 2. HP: 20/22 MP: 0/0
   944 | D:2      | Reached skill level 2 in Fighting
   944 | D:2      | Reached XP level 3. HP: 22/28 MP: 0/0
   944 | D:2      | Learned a level 1 spell: Sandblast
  1811 | D:3      | Noticed Robin
  1826 | D:3      | Reached XP level 4. HP: 21/34 MP: 0/0
  1826 | D:3      | Killed Robin
  2335 | D:3      | Reached skill level 3 in Fighting
  2443 | D:3      | Reached XP level 5. HP: 39/40 MP: 0/0
  2443 | D:3      | Learned a level 2 spell: Blink
  2735 | D:3      | Found a runed translucent door.
  2736 | D:3      | Noticed Crazy Yiuf
  2783 | D:3      | Found a faded altar of an unknown god.
  2989 | D:3      | Killed Crazy Yiuf
  3180 | D:4      | Found a staircase to the Ecumenical Temple.
  3291 | D:4      | Reached skill level 4 in Fighting
  3413 | D:4      | Noticed a black bear
  3427 | D:4      | Killed a black bear
  3428 | D:4      | Reached XP level 6. HP: 30/48 MP: 0/0
  3677 | D:4      | Found a hazy altar of Hepliaklqana.
  3907 | D:3      | Reached skill level 5 in Fighting
  4278 | D:5      | Entered Level 5 of the Dungeon
  4345 | D:5      | Reached XP level 7. HP: 50/54 MP: 0/0
  4345 | D:5      | Learned a level 3 spell: Tukima's Dance
  4509 | D:5      | Reached skill level 6 in Fighting
  4839 | D:5      | Reached XP level 8. HP: 4/62 MP: 0/0
  5652 | Temple   | Entered the Ecumenical Temple
  5897 | Temple   | Became a worshipper of Ashenzari the Shackled
  5965 | D:6      | Reached skill level 7 in Fighting
  6049 | D:6      | HP: 3/64 [scorpion (2)]
  6059 | D:6      | HP: 1/64 [scorpion (4)]
  6060 | D:6      | Slain by a scorpion

Illustrated notes

Levels and vault maps discovered:
D:1:      dpeg_arrival_more_subterranean_lakeside_camping, layout_basic,
          serial_glass, glass_columns_a, glass_columns_b, glass_columns_a,
          glass_columns_b, glass_columns_a, glass_columns_a, glass_columns_a,
          glass_columns_a, glass_columns_a, glass_columns_a,
          hangedman_decor_growths
D:2:      layout_basic, hex_medium, hangedman_decor_peaks_small,
          nicolae_kite_square_tiling_tiny
D:3:      layout_loops_ring, shapermc_ecumenical_altar_rom_forum,
          uniq_crazy_yiuf_cottage, uniq_robin
D:4:      layout_rooms, mainiacjoe_overflow_swirl,
          minmay_temple_entry_from_below_a
D:5:      layout_rooms
D:6:      layout_basic, mainiacjoe_overflow_surrounded_room, uniq_pikel
Temple:   minmay_temple_bridge_d

Skill      XL: |  1  2  3  4  5  6  7  8 |
---------------+-------------------------+-----
Fighting       | 1 2 3 4 5 6 7 |  7.1
Spellcasting   | 3 4 |  4.5
Dodging        | |  2.1
Stealth        | |  1.5

Action                     |  1- 3 |  4- 6 |  7- 9 || total
---------------------------+-------+-------+-------++-------
  Melee: Quarterstaff      |       |     1 |     1 ||     2
         Unarmed           |       |     1 |       ||     1
   Cast: Foxfire           |    37 |    17 |     1 ||    55
         Scorch            |    10 |    30 |    27 ||    67
         Sandblast         |     6 |    13 |     5 ||    24
         Inner Flame       |     1 |       |       ||     1
         Volatile Blastmot |       |       |     7 ||     7
         Blink             |       |       |     2 ||     2
    Use: Scroll            |       |       |    13 ||    13
 Armour: Robe              |     2 |     5 |     5 ||    12
  Dodge: Dodged            |    10 |    26 |    18 ||    54
